 Dungeon Crawl Stone Soup version 0.28.0-45-g0d030f2227 (webtiles) character file.

Game seed: 569315340326670499

57 protoss039 the Cudgeller (level 4, -1/28 HPs)
             Began as a Gargoyle Gladiator on Apr 10, 2022.
             Slain by Edmund
             ... wielding a +7 vorpal dire flail
              (12 damage)
             ... on level 4 of the Dungeon.
             The game lasted 00:02:54 (1224 turns).

protoss039 the Cudgeller (Gargoyle Gladiator)       Turns: 1224, Time: 00:02:55

Health: -1/28      AC:  9    Str: 20    XL:     4   Next: 0%
Magic:  4/4        EV: 11    Int:  8    God:
Gold:   31         SH:  0    Dex: 11    Spells: 3/3 levels left

rFire   . . .      SeeInvis .   a - +1 flail
rCold   . . .      Faith    .   (no shield)
rNeg    + . .      Spirit   .   f - +0 ring mail
rPois   ∞          Reflect  .   c - +0 helmet
rElec   +          Harm     .   (no cloak)
rCorr   .          Rampage  .   (no gloves)
Will    .....                   (no boots)
Stlth   +.........              (no amulet)
HPRegen 0.09/turn               (no ring)
MPRegen 0.09/turn               (no ring)

@: no status effects
A: sickness immunity, AC +3, negative energy resistance 1, electricity
resistance, torment resistance 1, petrification resistance
a: no special abilities


You were on level 4 of the Dungeon.
You visited 1 branch of the dungeon, and saw 3 of its levels.

You collected 31 gold pieces.

Inventory:

Hand Weapons
 a - a +1 flail (weapon)
Missiles
 d - 3 throwing nets (quivered)
Armour
 c - a +0 helmet (worn)
 f - a +0 ring mail (worn)
Jewellery
 i - an amulet of regeneration
Scrolls
 h - a scroll of enchant armour {unknown}
 j - a scroll of identify {unknown}
Potions
 e - a potion of attraction {unknown}


   Skills:
 + Level 3.0 Fighting
 + Level 3.3 Maces & Flails
 - Level 2.0 Throwing
 + Level 1.1 Armour
 - Level 3.0 Dodging


You had 3 spell levels left.
You didn't know any spells.
Your spell library was empty.

Dungeon Overview and Level Annotations

Branches:
Dungeon (2/15)

Altars:
Fedhas

Shops:
D:1 (

Annotations:
D:2 Sigmund
D:4 Edmund


Innate Abilities, Weirdness & Mutations

You are immune to sickness and miasma.
Your stone body is resilient. (AC +3)
You are immune to poison.
You resist negative energy. (rN+)
You are resistant to electric shocks. (rElec)
You are resistant to unholy torment.
You are immune to petrification.


Message History

Unknown command.
Press: ? - help, v - describe, . - travel, g - get item Item here: a dented malachite amulet.
The floor.
Okay, then.
Found a blossoming altar of Fedhas.
As you read the scroll labelled ZAVAUM OGACKA, it crumbles to dust.
It is a scroll of enchant weapon.
Your +0 flail glows red for a moment.
Unknown command.
As you read the scroll labelled WEWNUR SOWAKHLE, it crumbles to dust.
You speak a Word of immense power!
It was a scroll of holy word.
Unknown command.
Okay, then.
Edmund says, "I'm quite good with sums, too."
Edmund hits you but does no damage. Edmund barely misses you.
Edmund says, "A flail is better than a scythe, any day of the week!"
A goblin comes into view. It is wielding a +0 club.
Found a stone staircase leading up.
The goblin shouts!
You hear a shout! x2 2 goblins come into view.
The goblin shouts!
You hear a shout! x3
A goblin comes into view. It is wielding a +0 dagger. x2
The goblin moves out of view.
A goblin comes into view. It is wielding a +0 dagger.
The goblin shouts! x2
A goblin comes into view. It is wielding a +0 club.
The goblin shouts!
You hear a shout! x2
The goblin unwields a +0 club.
The goblin wields a +0 hunting sling.
The goblin shoots a stone.
The stone closely misses you. 2 goblins come into view.
The goblin shouts!
There is a stone staircase leading up here.
Unknown command.
Unknown command.
Unknown command.
The goblin barely misses you. The goblin closely misses you.
Edmund hits you with a +7 vorpal dire flail!
You die...

##..######........###..#
...........>......###..##
#.......................#...
#......#......##.............
#.##..##......##......##.....
...##.........#......####.....
...##.............g..........#
....##.........#@ggg#.g.##.#.#
#..#.......>####@g###..## .#..
...#...#.....# ##g# g.#
≈.....##...#..# #.g. ..#
≈≈....#...## .# ##.g...#
........@## .g...# ≈.#..."...#
.....# ..##.#.....@ .##... .
#.##....#. #.# .. .....# #


You could see Edmund and 9 goblins.

Vanquished Creatures
  An orc priest (D:2)
  An adder (D:1)
  3 dart slugs (D:1)
  2 ball pythons (D:1)
  An endoplasm (D:1)
  A giant cockroach (D:2)
  3 goblins
  2 hobgoblins (D:1)
14 creatures vanquished.

Notes
Turn   | Place    | Note
-------+----------+-------------------------------------------
     0 | D:1      | protoss039 the Gargoyle Gladiator began the quest for the
                  | Orb.
     0 | D:1      | Reached XP level 1. HP: 12/12 MP: 1/1
   100 | D:1      | Found Nuanaaf's Weapon Shoppe.
   192 | D:1      | Reached XP level 2. HP: 18/18 MP: 2/2
   981 | D:1      | Reached XP level 3. HP: 14/22 MP: 3/3
  1170 | D:2      | Reached skill level 1 in Armour
  1170 | D:2      | Reached XP level 4. HP: 23/28 MP: 4/4
  1171 | D:2      | Noticed Sigmund
  1176 | D:2      | You fall into a shaft and drop 2 floors!
  1179 | D:4      | Noticed Edmund
  1183 | D:4      | Found a blossoming altar of Fedhas.
  1224 | D:4      | Slain by Edmund

Illustrated notes

Levels and vault maps discovered:
D:1:      lemuel_arrival_tunnels, layout_loops_corners, serial_shops,
          nicolae_shop_window_shopping
D:2:      layout_rooms, basic_altar, hangedman_decor_growths,
          minmay_fractal_squares_5, uniq_sigmund
D:4:      layout_cave_pools, fedhas_altar_2, gammafunk_temple_overflow_arena,
          uniq_edmund, uniq_robin

Skill      XL: |  1  2  3 |
---------------+----------+-----
Throwing       | 2 |  2.0
Fighting       | 3 |  3.0
Armour         | 1 |  1.1
Dodging        | 3 |  3.0
Maces & Flails | |  3.3

Action                   |  1- 3 |  4- 6 || total
-------------------------+-------+-------++-------
Melee: Flail             |    57 |     3 ||    60
  Use: Scroll            |       |     2 ||     2
Armor: Leather armour    |     3 |       ||     3
       Ring mail         |    28 |     6 ||    34
Dodge: Dodged            |    42 |     8 ||    50
